 Dungeon Crawl Stone Soup version 0.32-a0-868-g153ae1a8d6 (console) character file.

Game seed: 7499205716052058365

317021 jejorda2 the Impaler (level 21, -3/171 HPs)
             Began as a Gnoll Berserker on Mar 28, 2024.
             Was the Champion of Trog.
             Shot with a bolt by a yaktaur captain (23 damage)
             ... on level 2 of the Vaults.
             The game lasted 02:27:20 (50211 turns).

jejorda2 the Impaler (Gnoll Berserker)             Turns: 50211, Time: 02:27:21

Health: -3/171     AC: 40    Str: 26    XL:     21   Next: 42%
Magic:  39/39      EV: 15    Int:  6    God:    Trog [******]
Gold:   2132       SH:  0    Dex: 14    Spells: 49/49 levels left

rFire   + . .        a - +5 glaive of the Guard {elec, spectral}
rCold   + . .        (shield currently unavailable)
rNeg    . . .        S - +3 chain mail of Fetz {rElec rC+}
rPois   +            O - +2 helmet
rElec   +            h - +2 cloak
rCorr   .            T - +3 pair of gauntlets of War {Slay+5}
SInv    .            n - +2 pair of boots
Will    ++++.        U - amulet of faith
Stlth   +++          e - ring "Sasuo" {rPois rF+ Will+}
HPRegen 1.48/turn    X - ring of the Tortoise {AC+8}
MPRegen 0.26/turn

%: faith
@: strong-willed, on berserk cooldown, regenerating, slowed, studying 2 skills,
very slow
A: fangs 1, strong nose, distributed training
}: 2/15 runes: decaying, serpentine
a: Renounce Religion, Berserk, Trog's Hand, Brothers in Arms


You were on level 2 of the Vaults.
You worshipped Trog.
Trog was exalted by your worship.
You visited 7 branches of the dungeon, and saw 35 of its levels.
You also visited: Ossuary.

You collected 4891 gold pieces.
You spent 2759 gold pieces at shops.

Inventory:

Hand Weapons
 a - the +5 glaive of the Guard (weapon) {elec, spectral}
   (You found it on level 1 of the Snake Pit)
Missiles
 C - 13 boomerangs (quivered)
 G - 4 atropa-tipped darts
 H - 13 javelins
 I - 11 poisoned darts
 V - a throwing net
Armour
 h - a +2 cloak (worn)
 n - a +2 pair of boots (worn)
 O - a +2 helmet (worn)
 S - the +3 chain mail of Fetz (worn) {rElec rC+}
   (You bought it in a shop on level 1 of the Elven Halls)

   rC+:       It protects you from cold.
   rElec:     It insulates you from electricity.
 T - the +3 pair of gauntlets of War (worn) {Slay+5}
   (You bought it in a shop on level 8 of the Dungeon)

   Slay+5:    It affects your accuracy & damage with ranged weapons and melee
   (+5).
Jewellery
 e - the ring "Sasuo" (left hand) {rPois rF+ Will+}
   (You found it on level 1 of the Elven Halls)

   [ring of willpower]

   rF+:       It protects you from fire.
   rPois:     It protects you from poison.
   Will+:     It increases your willpower.
 U - an amulet of faith (around neck)
 X - the ring of the Tortoise (right hand) {AC+8}
   (You found it on level 1 of the Snake Pit)

   [ring of protection]

   AC+8:      It affects your AC (+8).
 Y - a ring of see invisible
 Z - a ring of protection from cold
Wands
 c - a wand of roots (26)
 t - a wand of digging (9)
 A - a wand of flame (15)
 E - a wand of polymorph (38)
 K - a wand of quicksilver (46)
 L - a wand of mindburst (24)
 N - a wand of charming (32)
Scrolls
 i - 3 scrolls of teleportation
 k - 10 scrolls of fear
 p - 4 scrolls of blinking
 s - 5 scrolls of fog
 u - 6 scrolls of revelation
 w - 5 scrolls of poison
 y - 7 scrolls of immolation
 J - 3 scrolls of silence
 R - a scroll of summoning
Potions
 d - 12 potions of curing
 f - 9 potions of mutation
 j - 6 potions of enlightenment
 m - 9 potions of attraction
 o - 4 potions of lignification
 r - 3 potions of resistance
 v - 5 potions of might
 x - 4 potions of haste
 z - 6 potions of ambrosia
 D - 2 potions of cancellation
 F - 2 potions of heal wounds
Miscellaneous
 b - a lightning rod (4/4)
 P - a phial of floods


   Skills:
 + Level 16.1 Fighting
 + Level 14.9 Short Blades
 + Level 14.9 Long Blades
 + Level 14.9 Axes
 + Level 14.9 Maces & Flails
 + Level 17.9 Polearms
 + Level 14.9 Staves
 + Level 14.9 Ranged Weapons
 + Level 14.9 Throwing
 + Level 15.5 Armour
 + Level 15.5 Dodging
 + Level 14.9 Stealth
 + Level 14.9 Shields
 + Level 16.0 Unarmed Combat
 + Level 14.9 Spellcasting
 + Level 12.6 Conjurations
 + Level 12.6 Hexes
 + Level 12.6 Summonings
 + Level 12.6 Necromancy
 + Level 12.6 Translocations
 + Level 12.6 Fire Magic
 + Level 12.6 Ice Magic
 + Level 12.6 Air Magic
 + Level 12.6 Earth Magic
 + Level 12.6 Alchemy
 + Level 16.1 Invocations
 + Level 14.9 Evocations
 + Level 13.7 Shapeshifting


You had 49 spell levels left.
You didn't know any spells.
Your spell library was empty.

Dungeon Overview and Level Annotations

Branches:
Dungeon (15/15)            Temple (0/1) D:5            Lair (5/5) D:8
  Swamp (4/4) Lair:2        Snake (4/4) Lair:3        Slime (0/5) Lair:5
    Orc (2/2) D:10            Elf (3/3) Orc:2        Vaults (2/5) D:13
  Crypt (0/3) Vaults:2     Depths (0/4) D:15        Ossuary (visited)

Altars:
Ashenzari
Cheibriados
Dithmenos
Hepliaklqana
Okawaru
Qazlal
Sif Muna
Uskayaw
Xom
Zin
Beogh

Shops:
D:3 ?   D:8 *   Orc:2 (*?   Elf:1 [   Snake:2 (   Snake:4 =[   Vaults:1 (

Annotations:
Swamp:1 3 runed translucent doors, exclusion: 3 doors, Okkeon's ghost, adept MfBe; Omeuboge's ghost, journeyman FeDe; snarfax's ghost, adept MDBe; systembuster's ghost, journeyman OnFi
Swamp:2 1 runed translucent door, BubbleThief's ghost, adept NaAl
Snake:2 1 runed translucent door, sirdedalot's ghost, adept CoHu


Innate Abilities, Weirdness & Mutations

You have very sharp teeth.
Your uncanny sense of smell can sniff out nearby items.
Your experience applies equally to all skills.


Message History

Your +5 glaive of the Guard {elec, spectral} disappears.
The yaktaur shouts!
The yaktaur completely misses you.
The ironbound convoker hits you but does no damage.
The ironbound preserver hits you but does no damage.
The yaktaur misses you.
Unknown command.
Unknown command.
You closely miss the ironbound convoker.
You bite the ironbound convoker.
The ironbound convoker is lightly wounded.
Your +5 glaive of the Guard {elec, spectral} hits the ironbound convoker!
Lightning courses through the ironbound convoker!!
The ironbound convoker hits you but does no damage.
The ironbound preserver hits you but does no damage.
You slice the yaktaur!! Lightning courses through the yaktaur!
You kill the yaktaur!
Trog accepts your kill.
Your +5 glaive of the Guard {elec, spectral} disappears.
The ironbound convoker hits you with a +0 mace!
The ironbound preserver hits you with a +0 dire flail!
* * * LOW HITPOINT WARNING * * *
You completely miss the ironbound convoker.
The ironbound convoker is moderately wounded.
Your +5 glaive of the Guard {elec, spectral} hits the ironbound convoker!
The ironbound convoker misses you.
The ironbound preserver hits you with a +0 dire flail.
* * * LOW HITPOINT WARNING * * *
The ironbound convoker hits you but does no damage.
The ironbound preserver hits you with a +0 dire flail!!
* * * LOW HITPOINT WARNING * * *
Unknown command.
Unknown command.
Your skin crawls.
You feel strong-willed.
Your +5 glaive of the Guard {elec, spectral} disappears.
The ironbound convoker misses you.
The yaktaur captain wields a +0 arbalest.
The yaktaur captain shoots a bolt.
The bolt hits you!!
You die...

...##.......#
#.#####....#####.
...##########
#............./..
...#
###########+#######
####
##.#.#.#.#.#.##
#######
#.......).....#
......#
##......).)..##
.....##
#...#..#))#...#
.....#
##...........##
....##
#..)@p#.#.....#
.<..#
##..#p....#..##
...##
#.....#.#.....#
####
##.c.........##
...#..#..#...
##...........##
.............
##.#.#.#.#.#.


You could see an ironbound preserver (strong), a yaktaur captain (sheltered) and
an ironbound convoker.

Vanquished Creatures
  Vashnia (Snake:3)
  Saint Roka (Snake:3)
  Norris (Vaults:1)
  3 deep elf blademasters
  A quicksilver dragon (Snake:4)
  4 deep elf master archers (Elf:3)
  A sphinx (Vaults:1)
  A thorn hunter (Swamp:3)
  Donald (Elf:3)
  7 nagarajas
  Aizul (Snake:3)
  6 deep elf sorcerers
  5 vault wardens
  4 deep elf elementalists
  2 orc warlords (Vaults:1)
  5 ironbound preservers
  4 ironbound thunderhulks
  A very ugly thing (D:15)
  3 deep elf demonologists
  A dire elephant (Vaults:1)
  5 bunyips
  5 eleionomae
  5 deep elf death magi (Elf:3)
  8 deep elf annihilators
  Snorg (D:12)
  2 shambling mangroves
  An ice dragon (Swamp:4)
  3 deep elf high priests (Elf:3)
  4 yaktaur captains
  2 vault guards
  A rakshasa (D:15)
  8 salamander tyrants
  18 hydras
  10 alligators
  8 ogre magi
  3 ironbound frosthearts
  5 anacondas
  A ghost crab (Swamp:2)
  4 great orbs of eyes
  The ghost of Viaheush the Carver, a journeyman GnWn of Hepliaklqana (Elf:1)
  3 catoblepae
  7 boulder beetles
  22 dancing weapons
  6 centaur warriors
  A tengu warrior (D:14)
  13 death yaks
  20 two-headed ogres
  Urug (Lair:1)
  12 orc high priests
  9 shock serpents
  A shock serpent (shapeshifter) (Elf:1)
  5 naga warriors
  A vampire mage (Vaults:2)
  19 naga sharpshooters
  20 deep elf knights
  2 skysharks (Vaults:1)
  7 salamander mystics
  A mana viper (shapeshifter) (Elf:1)
  A death drake (Swamp:2)
  11 deep trolls (Vaults:2)
  8 naga ritualists
  6 spriggan druids
  5 goliath frogs
  2 glowing orange brains
  2 arcanists (Vaults:2)
  8 bog bodies
  7 mana vipers
  A glowing orange brain (shapeshifter) (D:15)
  9 swamp dragons
  29 deep elf pyromancers
  A phantasmal warrior (Vaults:1)
  Pikel (D:7)
  5 thermic dynamos (Elf:2)
  12 ironbound convokers
  11 deep elf archers
  3 lindwurms (Vaults:1)
  3 obsidian bats
  5 orc knights
  9 ugly things
  A wolf spider (D:13)
  33 deep elf zephyrmancers
  3 will-o-the-wisps
  4 orc sorcerers
  3 meliai (D:13)
  3 kobold blastminers (Orc:1)
  7 manticores
  4 cyclopes
  10 salamanders
  3 guardian serpents
  4 elephants (Lair:5)
  2 meliai (shapeshifter)
  2 moths of wrath (Elf:1)
  39 black mambas
  A guardian serpent (shapeshifter) (Elf:1)
  6 vault sentinels
  A cane toad (shapeshifter) (Elf:1)
  22 naga magi
  A gargoyle (D:13)
  12 cane toads
  Jeremiah (D:7)
  A torpor snail (Lair:4)
  An unseen horror (D:12)
  12 yaktaurs
  4 rime drakes
  An efreet (D:13)
  9 komodo dragons
  3 tengu conjurers
  Psyche (D:9)
  A tarantella (shapeshifter) (Elf:1)
  5 trolls
  A polar bear (shapeshifter) (D:13)
  4 polar bears
  3 bloated husks
  2 tyrant leeches
  12 hornets
  9 dream sheep (Lair:5)
  4 blink frogs (Lair:3)
  10 slime creatures
  3 air elementals
  25 spriggans
  3 shadows (D:10)
  2 water elementals
  A spriggan (shapeshifter) (Elf:1)
  9 wyverns
  A yak (shapeshifter) (Elf:1)
  3 vampires (Vaults:2)
  3 wraiths
  42 yaks
  A golden eye (shapeshifter) (Elf:1)
  6 basilisks
  10 vampire mosquitoes
  2 steam dragons
  3 fire elementals
  17 wargs
  17 swamp worms
  28 nagas
  2 acid dragons (D:12)
  3 hell hounds (D:15)
  16 water moccasins
  13 orc warriors
  8 black bears
  2 laughing skulls (D:15)
  8 swamp drakes
  A sky beast (D:6)
  30 wolves
  5 boggarts (Lair:5)
  16 ogres
  A lemure (D:7)
  9 centaurs
  A tengu (shapeshifter) (Elf:1)
  4 phantoms
  6 bullfrogs
  A weeping skull (Ossuary)
  A kobold brigand (D:10)
  4 earth elementals
  2 scorpions
  20 wights
  A burial acolyte (Ossuary)
  5 killer bees (D:10)
  2 troll zombies (D:10)
  6 electric eels
  3 howler monkeys
  3 lava snakes (Lair:3)
  A jelly (D:6)
  2 bombardier beetles
  3 hounds
  A human zombie (Ossuary)
  23 orc priests
  A sleepcap (D:7)
  An iguana (D:8)
  Ijyb (D:5)
  16 orc wizards
  5 hell rats (D:15)
  4 ogre zombies (D:10)
  3 mummies
  7 gnolls (D:4)
  9 adders
  2 white imps (D:8)
  A ribbon worm (D:4)
  4 dart slugs
  101 orcs
  8 ball pythons
  2 endoplasms
  A giant cockroach (D:1)
  9 goblins
  10 hobgoblins
  3 jackals (D:1)
  4 quokkas
  5 bats
  3 frilled lizards
  4 gnoll skeletons (D:10)
  5 gnoll zombies
  2 hobgoblin zombies (D:4)
  9 kobolds
  A kobold zombie (Ossuary)
  16 orc zombies
  9 rats
  A butterfly (D:6)
1308 creatures vanquished.

Vanquished Creatures (collateral kills)
  A hydra (Lair:5)
  2 death yaks (Lair:5)
  Lodul (D:10)
  A swamp dragon (Swamp:4)
  4 swamp drakes (Swamp:4)
  5 ogres (D:10)
14 creatures vanquished.

Vanquished Creatures (others)
  Asterion (Elf:1)
  A deep elf knight (Elf:3)
  2 deep elf zephyrmancers
  A deep elf pyromancer (D:15)
  2 bloated husks (Swamp:4)
  A spriggan (Swamp:2)
  An orc warrior (Elf:2)
  8 foxfires
  35 spectral weapons
52 creatures vanquished.

Grand Total: 1374 creatures vanquished

Notes
Turn   | Place    | Note
-------+----------+-------------------------------------------
     0 | D:1      | jejorda2 the Gnoll Berserker began the quest for the Orb.
     0 | D:1      | Reached XP level 1. HP: 23/23 MP: 1/1
   137 | D:1      | Reached XP level 2. HP: 26/29 MP: 2/2
   606 | D:1      | Reached XP level 3. HP: 34/35 MP: 3/3
   862 | D:2      | Reached ** piety under Trog
   875 | D:2      | Reached skill level 1 in Invocations
  1066 | D:2      | Reached skill level 1 in Short Blades
  1066 | D:2      | Reached skill level 1 in Long Blades
  1066 | D:2      | Reached skill level 1 in Axes
  1066 | D:2      | Reached skill level 1 in Maces & Flails
  1066 | D:2      | Reached skill level 1 in Staves
  1066 | D:2      | Reached skill level 1 in Ranged Weapons
  1066 | D:2      | Reached skill level 1 in Throwing
  1066 | D:2      | Reached skill level 1 in Stealth
  1066 | D:2      | Reached skill level 1 in Shields
  1066 | D:2      | Reached skill level 1 in Unarmed Combat
  1066 | D:2      | Reached skill level 1 in Spellcasting
  1066 | D:2      | Reached skill level 1 in Evocations
  1092 | D:2      | Reached skill level 1 in Shapeshifting
  1092 | D:2      | Reached XP level 4. HP: 41/41 MP: 5/5
  1223 | D:2      | Reached skill level 1 in Conjurations
  1223 | D:2      | Reached skill level 1 in Hexes
  1223 | D:2      | Reached skill level 1 in Summonings
  1223 | D:2      | Reached skill level 1 in Necromancy
  1223 | D:2      | Reached skill level 1 in Translocations
  1223 | D:2      | Reached skill level 1 in Fire Magic
  1223 | D:2      | Reached skill level 1 in Ice Magic
  1223 | D:2      | Reached skill level 1 in Air Magic
  1223 | D:2      | Reached skill level 1 in Earth Magic
  1223 | D:2      | Reached skill level 1 in Alchemy
  1463 | D:3      | Identified the +1 robe of the Akabeko {Int+6}
  1554 | D:3      | Found a hide-covered altar of Uskayaw.
  1715 | D:3      | Reached *** piety under Trog
  1758 | D:3      | Found The Oracle's Delphic Readings.
  1771 | D:3      | Bought a scroll of teleportation for 36 gold pieces
  1838 | D:3      | Found a glowing silver altar of Zin.
  2094 | D:4      | Reached XP level 5. HP: 47/47 MP: 7/7
  2133 | D:4      | Found a sand-covered staircase.
  2144 | Ossuary  | Entered an ossuary
  2350 | Ossuary  | Noticed a weeping skull
  2361 | Ossuary  | Killed a weeping skull
  2362 | Ossuary  | Reached skill level 5 in Armour
  2362 | Ossuary  | Reached skill level 5 in Dodging
  2362 | Ossuary  | Reached XP level 6. HP: 50/53 MP: 7/9
  2554 | D:4      | Found a snail-covered altar of Cheibriados.
  3445 | D:4      | Reached skill level 7 in Polearms
  3445 | D:4      | Reached XP level 7. HP: 37/60 MP: 10/10
  3646 | D:5      | Entered Level 5 of the Dungeon
  3693 | D:5      | Found a staircase to the Ecumenical Temple.
  4093 | D:5      | Reached **** piety under Trog
  4113 | D:5      | Noticed Ijyb
  4124 | D:5      | Killed Ijyb
  4369 | D:5      | Reached XP level 8. HP: 63/67 MP: 12/12
  4946 | D:6      | Found a shimmering altar of Xom.
  5414 | D:7      | Noticed Pikel
  5436 | D:7      | Killed Pikel
  5437 | D:7      | Reached XP level 9. HP: 74/74 MP: 13/15
  5623 | D:7      | Reached skill level 8 in Polearms
  5726 | D:7      | Reached skill level 5 in Invocations
  5790 | D:7      | Noticed a two-headed ogre
  5796 | D:7      | Killed a two-headed ogre
  5844 | D:7      | Noticed Jeremiah
  5865 | D:7      | Killed Jeremiah
  5866 | D:7      | Reached skill level 5 in Short Blades
  5866 | D:7      | Reached skill level 5 in Long Blades
  5866 | D:7      | Reached skill level 5 in Axes
  5866 | D:7      | Reached skill level 5 in Maces & Flails
  5866 | D:7      | Reached skill level 5 in Staves
  5866 | D:7      | Reached skill level 5 in Ranged Weapons
  5866 | D:7      | Reached skill level 5 in Throwing
  5866 | D:7      | Reached skill level 5 in Stealth
  5866 | D:7      | Reached skill level 5 in Shields
  5866 | D:7      | Reached skill level 5 in Unarmed Combat
  5866 | D:7      | Reached skill level 5 in Spellcasting
  5866 | D:7      | Reached skill level 5 in Evocations
  5866 | D:7      | Reached XP level 10. HP: 81/81 MP: 17/17
  6085 | D:7      | Found an iron altar of Okawaru.
  6945 | D:8      | Reached skill level 5 in Shapeshifting
  7173 | D:8      | Found a staircase to the Lair.
  7225 | D:8      | Found a transporter.
  7228 | D:8      | Found Guosaxof's Assorted Antiques.
  7256 | D:8      | Found a transporter.
  7288 | D:8      | Bought a sedimented golden potion for 25 gold pieces
  7354 | D:8      | Noticed a manticore
  7360 | D:8      | Killed a manticore
  7468 | D:8      | Found a broken altar of Ashenzari.
  7587 | D:8      | Saw a vision of the Swamp and the Snake Pit.
  7587 | D:8      | Noticed a shambling mangrove
  7587 | D:8      | Noticed a black mamba
  7587 | D:8      | Noticed a black mamba
  7587 | D:8      | Noticed a black mamba
  7587 | D:8      | Noticed a salamander
  7587 | D:8      | Noticed a black mamba
  7588 | D:8      | Noticed a goliath frog
  7589 | D:8      | Noticed a will-o-the-wisp
  7590 | D:8      | Noticed a naga mage
  7590 | D:8      | Noticed a six-headed hydra
  7823 | D:9      | Reached skill level 9 in Polearms
  7910 | D:9      | Noticed Psyche
  7916 | D:9      | Killed Psyche
  7917 | D:9      | Reached skill level 5 in Conjurations
  7917 | D:9      | Reached skill level 5 in Hexes
  7917 | D:9      | Reached skill level 5 in Summonings
  7917 | D:9      | Reached skill level 5 in Necromancy
  7917 | D:9      | Reached skill level 5 in Translocations
  7917 | D:9      | Reached skill level 5 in Fire Magic
  7917 | D:9      | Reached skill level 5 in Ice Magic
  7917 | D:9      | Reached skill level 5 in Air Magic
  7917 | D:9      | Reached skill level 5 in Earth Magic
  7917 | D:9      | Reached skill level 5 in Alchemy
  7917 | D:9      | Reached XP level 11. HP: 89/89 MP: 18/20
  8497 | D:9      | Found a hazy altar of Hepliaklqana.
  8749 | D:10     | Entered Level 10 of the Dungeon
  8800 | D:10     | Noticed Lodul
  8816 | D:10     | Killed Lodul
  9234 | D:10     | Reached ***** piety under Trog
  9269 | D:10     | Found a staircase to the Orcish Mines.
  9868 | D:11     | Noticed a two-headed ogre
  9875 | D:11     | Killed a two-headed ogre
  9985 | Lair:1   | Entered Level 1 of the Lair of Beasts
 10227 | Lair:1   | Noticed Urug
 10237 | Lair:1   | Killed Urug
 10237 | Lair:1   | Received a gift from Trog
 10391 | Lair:1   | Reached XP level 12. HP: 96/97 MP: 22/22
 11494 | Lair:2   | Reached skill level 10 in Fighting
 11494 | Lair:2   | Reached skill level 10 in Polearms
 11750 | Lair:2   | Found a staircase to the Swamp.
 12849 | Lair:3   | Found a staircase to the Snake Pit.
 13269 | Lair:3   | Noticed a boulder beetle
 13292 | Lair:3   | Killed a boulder beetle
 13293 | Lair:3   | Reached XP level 13. HP: 104/104 MP: 25/25
 15052 | Lair:5   | Entered Level 5 of the Lair of Beasts
 15256 | Lair:5   | Found a staircase to the Slime Pits.
 15315 | Lair:5   | Reached skill level 11 in Polearms
 15315 | Lair:5   | Reached skill level 10 in Armour
 15315 | Lair:5   | Reached skill level 10 in Dodging
 16056 | Lair:5   | Reached XP level 14. HP: 112/113 MP: 27/27
 16101 | Lair:5   | Reached skill level 10 in Invocations
 16253 | Lair:5   | Received a gift from Trog
 18661 | D:12     | Noticed Snorg
 18674 | D:12     | Killed Snorg
 19730 | D:13     | Noticed an ironbound preserver
 19757 | D:13     | Killed an ironbound preserver
 19764 | D:13     | Reached skill level 10 in Short Blades
 19764 | D:13     | Reached skill level 10 in Long Blades
 19764 | D:13     | Reached skill level 10 in Axes
 19764 | D:13     | Reached skill level 10 in Maces & Flails
 19764 | D:13     | Reached skill level 10 in Staves
 19764 | D:13     | Reached skill level 10 in Ranged Weapons
 19764 | D:13     | Reached skill level 10 in Throwing
 19764 | D:13     | Reached skill level 10 in Stealth
 19764 | D:13     | Reached skill level 10 in Shields
 19764 | D:13     | Reached skill level 10 in Unarmed Combat
 19764 | D:13     | Reached skill level 10 in Spellcasting
 19764 | D:13     | Reached skill level 10 in Evocations
 20305 | D:13     | Reached XP level 15. HP: 120/120 MP: 29/29
 20574 | D:13     | Reached skill level 12 in Polearms
 20784 | D:13     | Found a gate to the Vaults.
 21597 | D:14     | Found a shadowy altar of Dithmenos.
 22111 | D:15     | Entered Level 15 of the Dungeon
 22741 | D:15     | Identified the +8 quarterstaff of Desperation {flame, rPois
                  | Str+4 Int-4}
 23151 | D:15     | Found a staircase to the Depths.
 23557 | D:15     | Reached skill level 10 in Shapeshifting
 23635 | D:15     | Reached XP level 16. HP: 96/129 MP: 30/30
 23951 | Orc:1    | Entered Level 1 of the Orcish Mines
 24811 | Orc:2    | Entered Level 2 of the Orcish Mines
 24811 | Orc:2    | Found a staircase to the Elven Halls.
 25388 | Orc:2    | Received a gift from Trog
 25947 | Orc:2    | Found Arosk's Weapon Boutique.
 25947 | Orc:2    | Found Ateles's Antique Weapon Shop.
 26090 | Orc:2    | Found Qacrum's Magic Scroll Shop.
 26090 | Orc:2    | Found Vayxel's Assorted Antiques.
 26405 | Orc:2    | Found a roughly hewn altar of Beogh.
 26537 | D:8      | Bought the +3 pair of gauntlets of War {Slay+5} for 1330
                  | gold pieces
 26537 | D:8      | Found the +3 pair of gauntlets of War {Slay+5}
 26680 | Swamp:1  | Entered Level 1 of the Swamp
 26703 | Swamp:1  | Identified the ring of Xel Ybie {rElec rN+ Will+ AC+4}
 26724 | Swamp:1  | Reached skill level 13 in Polearms
 27073 | Swamp:1  | Found a runed translucent gate.
 27074 | Swamp:1  | Found a runed translucent gate.
 27075 | Swamp:1  | Found a runed translucent gate.
 27076 | Swamp:1  | Noticed Okkeon's ghost (adept MfBe)
 27077 | Swamp:1  | Noticed systembuster's ghost (journeyman OnFi)
 27077 | Swamp:1  | Noticed snarfax's ghost (adept MDBe)
 27077 | Swamp:1  | Noticed Omeuboge's ghost (journeyman FeDe)
 28548 | Swamp:2  | Found a runed translucent door.
 28550 | Swamp:2  | Identified the +5 spear of the Priest {heavy, rPois rC+}
 28554 | Swamp:2  | Noticed a fenstrider witch
 28674 | Swamp:2  | Noticed BubbleThief's ghost (adept NaAl)
 28811 | Swamp:3  | Reached XP level 17. HP: 137/137 MP: 32/32
 29151 | Swamp:3  | Reached skill level 10 in Conjurations
 29151 | Swamp:3  | Reached skill level 10 in Hexes
 29151 | Swamp:3  | Reached skill level 10 in Summonings
 29151 | Swamp:3  | Reached skill level 10 in Necromancy
 29151 | Swamp:3  | Reached skill level 10 in Translocations
 29151 | Swamp:3  | Reached skill level 10 in Fire Magic
 29151 | Swamp:3  | Reached skill level 10 in Ice Magic
 29151 | Swamp:3  | Reached skill level 10 in Air Magic
 29151 | Swamp:3  | Reached skill level 10 in Earth Magic
 29151 | Swamp:3  | Reached skill level 10 in Alchemy
 30249 | Swamp:3  | Identified the +0 chain mail of Card Tricks {^Drain rF+++
                  | rC- Int+2}
 30320 | Swamp:4  | Entered Level 4 of the Swamp
 30600 | Swamp:4  | Received a gift from Trog
 31746 | Swamp:4  | Got a decaying rune of Zot
 31904 | Snake:1  | Entered Level 1 of the Snake Pit
 32059 | Snake:1  | Found the +5 glaive of the Guard {elec, spectral}
 32210 | Snake:1  | Found a transporter.
 32211 | Snake:1  | Found a shimmering blue altar of Sif Muna.
 32211 | Snake:1  | Found the ring of the Tortoise {AC+8}
 32983 | Snake:1  | Reached skill level 14 in Polearms
 32983 | Snake:1  | Reached XP level 18. HP: 24/146 MP: 34/34
 33173 | Snake:1  | Found a transporter.
 33699 | Snake:2  | Found Baanuit's Weapon Emporium.
 33870 | Snake:2  | You fall into a shaft and drop 1 floor!
 33905 | Snake:2  | Found a runed translucent door.
 34192 | Snake:2  | Noticed sirdedalot's ghost (adept CoHu)
 34231 | Snake:3  | Noticed Saint Roka
 34656 | Snake:3  | Noticed Vashnia
 34678 | Snake:3  | Killed Vashnia
 35372 | Snake:3  | Killed Saint Roka
 35824 | Snake:3  | Found a stormy altar of Qazlal.
 36313 | Snake:4  | Entered Level 4 of the Snake Pit
 36517 | Snake:4  | Identified the serpent talisman of Acromaf {rElec rN+
                  | Will+++ Stlth-}
 36517 | Snake:4  | Noticed Aizul
 36738 | Snake:4  | Received a gift from Trog
 36745 | Snake:3  | Killed Aizul
 36881 | Snake:4  | Found Moimma Holi's Antique Armour Emporium.
 36881 | Snake:4  | Found Wolett's Jewellery Shoppe.
 36889 | Snake:4  | Bought an embroidered cloak for 270 gold pieces
 37573 | Snake:4  | Reached skill level 15 in Polearms
 38550 | Snake:4  | Reached XP level 19. HP: 81/150 MP: 36/36
 39204 | Snake:4  | Got a serpentine rune of Zot
 39375 | Snake:4  | Bought a ring of protection from cold for 450 gold pieces
 40054 | Elf:1    | Entered Level 1 of the Elven Halls
 40491 | Elf:1    | Received a gift from Trog
 40694 | Elf:1    | Noticed Asterion
 40709 | Elf:1    | Killed Asterion
 40940 | Elf:1    | Found Qyfroph's Armour Shoppe.
 40947 | Elf:1    | Bought the +3 chain mail of Fetz {rElec rC+} for 648 gold
                  | pieces
 41008 | Elf:1    | Found a transporter.
 41009 | Elf:1    | Noticed Viaheush's ghost (journeyman GnWn)
 41021 | Elf:1    | Found a transporter.
 41067 | Elf:1    | Noticed a Hell Sentinel
 41461 | Elf:1    | Killed Viaheush's ghost
 41714 | Elf:1    | Identified the ring "Sasuo" {rPois rF+ Will+}
 41726 | Elf:1    | Identified the +0 chain mail of Fomenk {Regen+}
 41899 | Elf:2    | Reached skill level 15 in Fighting
 41968 | Elf:2    | Reached skill level 16 in Polearms
 42274 | Elf:2    | Reached skill level 15 in Invocations
 42922 | Elf:2    | Found a runed translucent gate.
 42922 | Elf:2    | Found a runed translucent gate.
 42922 | Elf:2    | Found a runed translucent gate.
 43173 | Elf:2    | Reached XP level 20. HP: 125/162 MP: 37/37
 43407 | Elf:2    | Received a gift from Trog
 44272 | Elf:3    | Entered Level 3 of the Elven Halls
 44419 | Elf:3    | Noticed Donald
 44433 | Elf:3    | Killed Donald
 46203 | Elf:3    | Received a gift from Trog
 46226 | Elf:3    | Paralysed by an air elemental for 1 turns
 46402 | Elf:3    | Identified the +5 triple crossbow of Xiunaolaxky {heavy,
                  | Int+5}
 46402 | Elf:3    | Identified the +5 arbalest "Duariz Roix" {heavy, Int-4
                  | Dex+5}
 46501 | Elf:3    | Reached skill level 17 in Polearms
 46551 | Elf:3    | Identified the +5 battleaxe of Dullness {freeze, Str+5}
 46574 | Elf:3    | Reached skill level 15 in Armour
 46574 | Elf:3    | Reached skill level 15 in Dodging
 46574 | Elf:3    | Reached skill level 15 in Unarmed Combat
 47088 | Elf:3    | Identified the +2 hand cannon "Upaby" {penet, Will+ Stlth+}
 47483 | Vaults:1 | Entered Level 1 of the Vaults
 47910 | Vaults:1 | Identified the serpent talisman "Bifawu" {Will+}
 48245 | Vaults:1 | Found Zoeghil's Antique Weapon Emporium.
 48451 | Vaults:1 | Identified the +9 long sword of Eternal Harmony {heavy,
                  | rElec rF+}
 48525 | Vaults:1 | Reached ****** piety under Trog
 48591 | Vaults:1 | Noticed Norris
 48605 | Vaults:1 | Killed Norris
 48705 | Vaults:1 | Received a gift from Trog
 48827 | Vaults:1 | Paralysed by an orc sorcerer for 3 turns
 48841 | Vaults:1 | Reached XP level 21. HP: 143/170 MP: 39/39
 50003 | Vaults:2 | Received a gift from Trog
 50073 | Vaults:2 | Found a staircase to the Crypt.
 50211 | Vaults:2 | Shot with a bolt by a yaktaur captain

Illustrated notes

Levels and vault maps discovered:
D:1:      dpeg_arrival_round_b, layout_basic, minmay_quantized
D:2:      minmay_door_path, layout_basic
D:3:      wander_river, layout_rooms, nicolae_uskayaw_dance_hall, zin_academy,
          nicolae_nh_oracle_at_delphi
D:4:      layout_basic, cheibriados_altar_1, nicolae_ossuary_entry_giza
D:5:      layout_basic, minmay_temple_entry_drinking_statues, uniq_ijyb
D:6:      layout_basic, xom_butterflies
D:7:      layout_basic, mainiacjoe_overflow_24_doors, serial_curves,
          eino_curves_02, eino_curves_01, uniq_pikel, uniq_jeremiah
D:8:      layout_loops_corners, grunt_ashenzari_visionary
          [grunt_ashenzari_visionary_swamp, grunt_ashenzari_visionary_snake],
          minmay_lair_entry_grove, serial_shops, nicolae_shop_drivethru
D:9:      corexii_shack_village, layout_long_grid,
          mainiacjoe_overflow_small_starburst, uniq_psyche
D:10:     layout_loops_ring, zombieorc1_lemuel, uniq_lodul
D:11:     layout_cross
D:12:     layout_basic, uniq_snorg
D:13:     layout_loops_ring, hellmonk_vaults_order_and_chaos
D:14:     layout_roguey, infiniplex_staircase_diamond, grunt_dithmenos_smoke
D:15:     gammafunk_enter_depths_forms, layout_rooms, special_room
          [special_room_mythical_zoo], nicolae_twisting_strands
Lair:1:   layout_regular_city, cheibrodos_lair_caveside_slide, uniq_urug
Lair:2:   layout_small_grid, nicolae_swamp_entry_splash_gauntlet,
          serial_bayou_pond_a, serial_bayou_shore_a
Lair:3:   layout_long_grid, nicolae_snake_entry_warm_welcome, st_stairs_11,
          grunt_forest_large_clearing_hut
Lair:4:   layout_cave_pods, nzn_sisyphean_effort, grunt_megastairs_3,
          lemuel_fruit_fields, lemuel_fruit_tree
Lair:5:   minmay_lair_end_enchanted_forest, layout_cave_pods, slime_entry_1,
          serial_rivers, chequers_serial_rivers_marsh,
          chequers_serial_rivers_marsh, chequers_serial_rivers_large_a,
          chequers_serial_rivers_micro_e, chequers_serial_rivers_micro_a
Swamp:1:  layout_falls_marsh, gammafunk_ghost_cemetery, serial_swamp_ruin,
          hangedman_swamp_ruin_wall, evilmike_swamp_ruin_house_6, swamp_pool_5
Swamp:2:  layout_falls_marsh, ebering_ghost_funeral_grove, hangedman_swamp_cone
Swamp:3:  layout_basic_swamp, evilmike_swamp_ruin_rubble_1,
          nicolae_swamp_decorative_isthmus
Swamp:4:  swamp, layout_basic_swamp, infiniplex_staircase_pool
Snake:1:  gammafunk_sealed_library, layout_misc_corridors
Snake:2:  layout_onion, ebering_ghost_reflecting_pool, serial_shops, shop,
          nicolae_zig_zag_zippers
Snake:3:  layout_onion, basic_altar, serial_library_hellmonk_semicircle,
          nicolae_elevator_lobby_asterisk, nicolae_integral_box, uniq_vashnia,
          uniq_saint_roka
Snake:4:  hellmonk_snake_rune_quicksilver_temple, layout_rooms,
          minmay_shoptagon, uniq_aizul
Orc:1:    cheibrodos_orc_guarddog, layout_caves
Orc:2:    st_orc_town, layout_caves
Elf:1:    nicolae_elf_arrival_no_cutting_in_line, layout_geoelf_grid,
          gammafunk_ghost_berserking_beasts, serial_shops,
          nicolae_shop_rolling_square, nicolae_elf_blasts_and_bolts,
          uniq_asterion
Elf:2:    nicolae_elf_blades_splatter_lattice
          [nicolae_blade_entry_hurt_lockers], layout_loops_cross,
          elves_outpost_lemuel
Elf:3:    minmay_elf_hall_circle, layout_geoelf_octagon, uniq_donald
Vaults:1: grunt_vaults_swirl, nicolae_vaults_apartment_1, minmay_orc_keep,
          vaults_dpeg_encased_lava, nicolae_vaults_door_testing_chamber,
          nicolae_vaults_surprise_closet_hard, v_misc_12,
          nicolae_vaults_double_plus_2, nicolae_vaults_wrenched,
          vaults_room_pool, layout_vaults_quadrants, serial_shops,
          nicolae_diamond_shop, uniq_norris
Vaults:2: minmay_crypt_entry_vampire_xt, nicolae_vaults_trapezoid_2,
          vaults_room_pool, vaults_room_boxed, nicolae_vaults_ninety_degrees,
          nicolae_vaults_tetromino_Z_2, nicolae_vaults_surprise_closet,
          nicolae_vaults_an_arrangement, nicolae_vaults_trapezoid_lopsided_2,
          nicolae_vaults_heart-shaped_vault, vaults_room_grid,
          nicolae_vaults_yaktaur_gun_rack, nicolae_vaults_trapezoid_3,
          layout_vaults_omnicross

Skill      XL: |  1  2  3  4  5  6  7  8  9 10 11 12 13 14 15 16 17 18 19 20 21 |
---------------+----------------------------------------------------------------+-----
Invocations    | 1 2 3 4 5 6 7 8 9 10 11 12 13 14 15 16 | 16.1
Short Blades   | 1 2 3 4 5 6 7 8 9 10 11 12 13 14 | 14.9
Long Blades    | 1 2 3 4 5 6 7 8 9 10 11 12 13 14 | 14.9
Axes           | 1 2 3 4 5 6 7 8 9 10 11 12 13 14 | 14.9
Maces & Flails | 1 2 3 4 5 6 7 8 9 10 11 12 13 14 | 14.9
Staves         | 1 2 3 4 5 6 7 8 9 10 11 12 13 14 | 14.9
Ranged Weapons | 1 2 3 4 5 6 7 8 9 10 11 12 13 14 | 14.9
Throwing       | 1 2 3 4 5 6 7 8 9 10 11 12 13 14 | 14.9
Stealth        | 1 2 3 4 5 6 7 8 9 10 11 12 13 14 | 14.9
Shields        | 1 2 3 4 5 6 7 8 9 10 11 12 13 14 | 14.9
Unarmed Combat | 1 2 3 4 5 6 7 8 9 10 11 12 13 14 15 16 | 16.0
Spellcasting   | 1 2 3 4 5 6 7 8 9 10 11 12 13 14 | 14.9
Evocations     | 1 2 3 4 5 6 7 8 9 10 11 12 13 14 | 14.9
Shapeshifting  | 1 2 3 4 5 6 7 8 9 10 11 12 13 | 13.7
Conjurations   | 1 2 3 4 5 6 7 8 9 10 11 12 | 12.6
Hexes          | 1 2 3 4 5 6 7 8 9 10 11 12 | 12.6
Summonings     | 1 2 3 4 5 6 7 8 9 10 11 12 | 12.6
Necromancy     | 1 2 3 4 5 6 7 8 9 10 11 12 | 12.6
Translocations | 1 2 3 4 5 6 7 8 9 10 11 12 | 12.6
Fire Magic     | 1 2 3 4 5 6 7 8 9 10 11 12 | 12.6
Ice Magic      | 1 2 3 4 5 6 7 8 9 10 11 12 | 12.6
Air Magic      | 1 2 3 4 5 6 7 8 9 10 11 12 | 12.6
Earth Magic    | 1 2 3 4 5 6 7 8 9 10 11 12 | 12.6
Alchemy        | 1 2 3 4 5 6 7 8 9 10 11 12 | 12.6
Armour         | 5 6 7 8 9 10 11 12 13 14 15 | 15.5
Dodging        | 5 6 7 8 9 10 11 12 13 14 15 | 15.5
Fighting       | 7 8 9 10 11 12 13 14 15 16 | 16.1
Polearms       | 7 8 9 10 11 12 13 14 15 16 17 | 17.9

Action                     |  1- 3 |  4- 6 |  7- 9 | 10-12 | 13-15 | 16-18 | 19-21 || total
---------------------------+-------+-------+-------+-------+-------+-------+-------++-------
  Melee: Spear             |   140 |    75 |       |       |       |       |       ||   215
         Bite              |    10 |    14 |    24 |    99 |   213 |   179 |    77 ||   616
         Trident           |       |   168 |    36 |   836 |  1499 |  1274 |       ||  3813
         Halberd           |       |       |   235 |       |       |       |       ||   235
         Glaive            |       |       |       |       |       |   332 |   813 ||  1145
  Throw: Boomerang         |       |       |     1 |     6 |       |    93 |    32 ||   132
         Dart              |       |       |       |       |    42 |       |     1 ||    43
         Javelin           |       |       |       |       |     8 |     1 |     1 ||    10
 Invoke: Trog's Hand       |       |     1 |     2 |     2 |     6 |    13 |    17 ||    41
         Berserk           |       |       |     8 |    13 |    21 |    20 |    13 ||    75
         Brothers in Arms  |       |       |       |     1 |     3 |     3 |       ||     7
  Evoke: Wand              |       |       |       |     4 |     4 |       |       ||     8
    Use: Scroll            |       |     4 |     5 |    11 |     7 |     5 |     7 ||    39
         Potion            |       |       |       |     1 |       |     5 |     3 ||     9
   Stab: Sleeping          |     1 |       |       |       |       |    14 |    11 ||    26
         Distracted        |       |       |       |       |       |    13 |    26 ||    39
 Armour: Animal skin       |    30 |       |       |       |       |       |       ||    30
         Ring mail         |    19 |       |       |       |       |       |       ||    19
         Scale mail        |     4 |    77 |    56 |       |       |       |       ||   137
         Chain mail        |       |       |   119 |    17 |       |       |   483 ||   619
         Plate armour      |       |       |       |   399 |   728 |   240 |    90 ||  1457
         Swamp dragon scal |       |       |       |       |       |   646 |    14 ||   660
  Dodge: Dodged            |    61 |    68 |   114 |   217 |   339 |   534 |   289 ||  1622
  Block: Other             |       |       |     3 |    94 |    36 |    46 |    70 ||   249
         Reflection        |       |       |       |     5 |    23 |    31 |     8 ||    67
         Buckler           |       |       |       |       |   561 |   621 |       ||  1182

Table legend: (Time is in decaauts)
 A = Elapsed time spent in this place.
 B = Non-inter-level travel time spent in this place.
 C = Inter-level travel time spent in this place.
 D = Time resting spent in this place.
 E = Time spent auto-exploring this place.
 F = Levels seen in this place.
 G = Mean time per level.
                   A        B        C        D        E       F      G
               +--------+--------+--------+--------+--------+-----+--------+
         Total |  50031 |  46380 |   3651 |   9073 |  27637 |  36 | 1389.8 |
       Dungeon |  16191 |  14962 |   1229 |   1623 |  10349 |  15 | 1079.4 |
          Lair |   8331 |   7463 |    868 |    977 |   4874 |   5 | 1666.2 |
         Swamp |   5159 |   4913 |    246 |   1126 |   2698 |   4 | 1289.8 |
     Snake Pit |   7704 |   7139 |    565 |   2042 |   3800 |   4 | 1926.0 |
  Orcish Mines |   2624 |   2466 |    158 |    754 |   1206 |   2 | 1312.0 |
   Elven Halls |   6921 |   6376 |    545 |   2011 |   2791 |   3 | 2307.0 |
        Vaults |   2704 |   2668 |     36 |    460 |   1731 |   2 | 1352.0 |
       Ossuary |    395 |    395 |      0 |     77 |    187 |   1 |  395.0 |
               +--------+--------+--------+--------+--------+-----+--------+

Top non-repeatable levels by time:
 Snake:3: 3683 daAuts
   Elf:3: 2597 daAuts
   Elf:2: 2538 daAuts
Vaults:1: 2235 daAuts
  Lair:5: 2173 daAuts
 Snake:1: 1790 daAuts
   Elf:1: 1785 daAuts
   Orc:2: 1751 daAuts
  Lair:4: 1717 daAuts
 Swamp:3: 1691 daAuts
  Lair:2: 1622 daAuts
    D:10: 1539 daAuts
    D:15: 1533 daAuts
  Lair:3: 1433 daAuts
  Lair:1: 1384 daAuts
